 Dungeon Crawl Stone Soup version 0.28-a0-8-g6e044cfa68 (webtiles) character file.

Game seed: 15981605930536318265

387 nelgraf2 the Insei (level 6, -4/47 HPs)
             Began as a Draconian Transmuter on July 24, 2021.
             Slain by Pikel (10 damage)
             ... on level 3 of the Dungeon.
             The game lasted 00:07:23 (4295 turns).

nelgraf2 the Insei (Draconian Transmuter)           Turns: 4295, Time: 00:07:24

Health: -4/47      AC:  6    Str: 12    XL:     6   Next: 49%
Magic:  9/10       EV: 12    Int: 14    God:
Gold:   174        SH:  0    Dex: 11    Spells: 10/11 levels left

rFire   . . .      SeeInvis .     - Unarmed
rCold   . . .      Faith    .   (no shield)
rNeg    . . .      Spirit   .   (armour unavailable)
rPois   .          Reflect  .   (helmet currently unavailable)
rElec   .          Harm     .   (no cloak)
rCorr   .          Rampage  .   (no gloves)
Will    .....                   (boots currently unavailable)
Stlth   +.........              (no amulet)
HPRegen 0.15/turn               (no ring)
MPRegen 0.12/turn               (no ring)

@: appendages
A: horns 2, talons 2, AC +6, unfitting armour, cold-blooded, clumsy 1,
MP-powered wands
a: End Transformation


You were on level 3 of the Dungeon.
You had temporarily grown beastly horns and talons.
You visited 1 branch of the dungeon, and saw 4 of its levels.

You collected 174 gold pieces.

Inventory:

Armour
 e - a +0 buckler
Scrolls
 a - 3 scrolls of teleportation
 b - a scroll of noise {unknown}
 c - a scroll of brand weapon {unknown}
 d - a scroll of magic mapping {unknown}
 f - 2 scrolls of identify
 g - a scroll of vulnerability {unknown}
 i - a scroll of acquirement {unknown}


   Skills:
 + Level 1.6 Fighting
 + Level 2.9 Dodging
 - Level 0.8 Stealth
 + Level 5.4 Unarmed Combat
 + Level 3.2 Spellcasting
 + Level 3.2 Transmutations


You had 10 spell levels left.
You knew the following spells:

 Your Spells              Type           Power      Damage    Failure   Level
a - Beastly Appendage     Tmut           22%        N/A       5%          1

Your spell library contained the following spells:

 Spells                   Type           Power      Damage    Failure   Level
 Wereblood                Tmut           11%        N/A       9%          2
 Spider Form              Tmut/Pois      3%         N/A       32%         3
 Ice Form                 Ice/Tmut       6%         N/A       73%         4


Dungeon Overview and Level Annotations

Branches:
Dungeon (4/15)
 Temple: D:4-7

Altars:
Hepliaklqana
Kikubaaqudgha

Annotations:
D:3 Pikel


Innate Abilities, Weirdness & Mutations

You have temporarily grown beastly horns and talons.
Your plain brown scales are hard. (AC +6)
You cannot fit into any form of body armour.
You are cold-blooded and may be slowed by cold attacks.
You are clumsy. (Dex -2)
You expend magic power (3 MP) to strengthen your wands.


Message History

The lemure is moderately wounded.
The lemure hits you but does no damage.
You hit the lemure. Your kick misses the lemure.
Your headbutt misses the lemure.
The lemure is heavily wounded.
The lemure closely misses you.
You hit the lemure. You claw the lemure.
The lemure is almost dead.
The lemure closely misses you.
You hit the lemure but do no damage. Your kick misses the lemure.
The lemure is almost dead.
You hit the lemure.
The lemure is almost dead.
The lemure hits you.
You punch the lemure!
You kill the lemure!
That felt strangely unrewarding.
Your horns disappear.
Your talons disappear.
No target in view!
You start resting.
HP restored.
Unknown command.
You climb downwards.
Level annotation: Pikel Pikel hits you with a +2 whip of electrocution.
You are electrocuted!
There is a stone staircase leading up here.
Pikel misses you.
You climb upwards.
There is a stone staircase leading down, spattered with blood here.
Casting: Beastly Appendage (safe; 5% risk of failure)
Confirm with . or Enter, or press ? or * to list all spells.
You grow a pair of large bovine horns.
Your feet morph into talons.
Pikel hits you with a +2 whip of electrocution.
You are electrocuted!!
* * * LOW HITPOINT WARNING * * *
As you read the scroll of fear, it crumbles to dust.
You assume a fearsome visage.
Pikel resists with some effort.
Pikel hits you with a +2 whip of electrocution!
You die...

#.#...#.....).#...#####....8#..
#.#.......#...#......##8..8##..
#.#...###.#...##########.......
#.#...###)#(...................
#.........#....................
#.........#.#.....###.#.......#
#.........#.#.....###.#########
#.........#.#K....##...........
#.........#.#.@.......#########
#...........#......#.## #
#........##.#......#.# #
#.#.........#......#.# ######
#.###########......#.# #.....
#..................#.# #.####
#############......#.# #.#
#.####.#.# #.# #.# #.#.# #.#


You could see Pikel.

Vanquished Creatures
  Sigmund (D:3)
  A lemure (D:3)
  2 orc priests (D:3)
  An iguana (D:3)
  An orc wizard (D:3)
  3 adders
  2 worms
  2 dart slugs
  8 orcs (D:3)
  3 ball pythons
  5 bats
  7 endoplasms
  A giant cockroach (D:1)
  9 goblins
  8 hobgoblins
  7 jackals
  3 frilled lizards
  4 kobolds
  5 rats
73 creatures vanquished.

Notes
Turn   | Place    | Note
-------+----------+-------------------------------------------
     0 | D:1      | nelgraf2 the Draconian Transmuter began the quest for the
                  | Orb.
     0 | D:1      | Reached XP level 1. HP: 16/16 MP: 3/3
   361 | D:1      | Reached XP level 2. HP: 14/23 MP: 3/5
   800 | D:1      | Reached XP level 3. HP: 22/27 MP: 6/6
  1857 | D:2      | Reached skill level 4 in Unarmed Combat
  2224 | D:2      | Reached XP level 4. HP: 34/35 MP: 5/7
  2242 | D:2      | Found a faded altar of an unknown god.
  2647 | D:3      | Gained mutation: You are clumsy. (Dex -2) [potion of
                  | mutation]
  2647 | D:3      | Gained mutation: You expend magic power (3 MP) to
                  | strengthen your wands. [potion of mutation]
  2653 | D:3      | Reached XP level 5. HP: 3/40 MP: 6/8
  3253 | D:3      | Found an ancient bone altar of Kikubaaqudgha.
  3257 | D:3      | Found a hazy altar of Hepliaklqana.
  3303 | D:3      | Noticed Sigmund
  3440 | D:3      | Killed Sigmund
  3441 | D:3      | Reached skill level 5 in Unarmed Combat
  3441 | D:3      | Reached XP level 6. HP: 23/47 MP: 8/10
  4175 | D:4      | Noticed Pikel
  4295 | D:3      | Slain by Pikel

Illustrated notes

Levels and vault maps discovered:
D:1:      amcnicky_arrival_underground_garden, layout_basic, st_stairs_5,
          chequers_serial_rivers_small_3, minmay_pentomino_z4
D:2:      layout_basic, shapermc_ecumenical_altar_venn
D:3:      layout_basic, minitemple, uniq_sigmund
D:4:      kb_forest_paths, layout_basic, uniq_eustachio, uniq_pikel,
          uniq_natasha, uniq_grinder

Skill      XL: |  1  2  3  4  5 |
---------------+----------------+-----
Dodging        | 2 |  2.9
Unarmed Combat | 4 5 |  5.4
Spellcasting   | 3 |  3.2
Transmutations | 3 |  3.2
Fighting       | |  1.6
Stealth        | |  0.8

Action                   |  1- 3 |  4- 6 || total
-------------------------+-------+-------++-------
Melee: Unarmed           |   116 |   119 ||   235
       Kick              |    25 |    23 ||    48
       Tailslap          |    10 |    11 ||    21
       Headbutt          |     8 |    20 ||    28
       Punch             |     2 |     1 ||     3
 Cast: Beastly Appendage |    20 |    20 ||    40
  Use: Potion            |       |     2 ||     2
       Scroll            |       |     3 ||     3
 Stab: Sleeping          |       |     1 ||     1
Armor: Skin              |    44 |    20 ||    64
Dodge: Dodged            |    87 |    52 ||   139

Table legend: (Time is in decaauts)
 A = Elapsed time spent in this place.
 B = Non-inter-level travel time spent in this place.
 C = Inter-level travel time spent in this place.
 D = Time resting spent in this place.
 E = Time spent auto-exploring this place.
 F = Levels seen in this place.
 G = Mean time per level.
                   A        B        C        D        E       F      G
               +--------+--------+--------+--------+--------+-----+--------+
         Total |   4293 |   4199 |     94 |   1452 |   2258 |   4 | 1073.2 |
       Dungeon |   4293 |   4199 |     94 |   1452 |   2258 |   4 | 1073.2 |
               +--------+--------+--------+--------+--------+-----+--------+

Top non-repeatable levels by time:
     D:3: 1723 daAuts
     D:1: 1698 daAuts
     D:2: 862 daAuts
     D:4: 8 daAuts
